 Dungeon Crawl Stone Soup version 0.31-a0-740-g87205ac768 (webtiles) character file.

Game seed: 14890264963387858029

111 MackTheKnife the Chopper (level 5, 0/37 HPs)
             Began as a Formicid Wanderer on Sept 12, 2023.
             Slain by an orc priest
             ... wielding a +2 hand axe of electrocution
              (17 damage)
             ... on level 3 of the Dungeon.
             The game lasted 00:03:11 (2453 turns).

MackTheKnife the Chopper (Formicid Wanderer)        Turns: 2453, Time: 00:03:12

Health: 0/37       AC:  3    Str: 18    XL:     5   Next: 15%
Magic:  5/5        EV: 11    Int:  9    God:
Gold:   75         SH:  0    Dex: 16    Spells: 4/4 levels left

rFire   . . .        a - +0 war axe {axe}
rCold   . . .        (no shield)
rNeg    . . .        e - +0 leather armour
rPois   .            (helmet unavailable)
rElec   .            (no cloak)
rCorr   .            (no gloves)
SInv    +            (no boots)
Will    .....        (no amulet)
Stlth   +            (no ring)
HPRegen 0.26/turn    (no ring)
MPRegen 0.09/turn

%: no passive effects
@: no status effects
A: permanent stasis, dig shafts and tunnels, antennae 3, four strong arms
a: Dig, Shaft Self


You were on level 3 of the Dungeon.
You visited 1 branch of the dungeon, and saw 3 of its levels.

You collected 75 gold pieces.


Innate Abilities, Weirdness & Mutations

You cannot be hasted, slowed, berserked, paralysed or teleported.
You can dig through walls and to a lower floor.
You have a pair of large antennae on your head. (SInv)
Your four strong arms can wield two-handed weapons with a shield.


   Skills:
 - Level 1.1 Fighting
 - Level 2.0 Long Blades
 + Level 6.1 Axes
 - Level 1.1 Armour
 - Level 1.0 Dodging
 - Level 1.1 Evocations


You had 4 spell levels left.
You didn't know any spells.
Your spell library contained the following spells:

 Spells                   Type           Power      Damage    Failure   Level
 Summon Forest            Summ/Tloc      0%         N/A       100%        5
 Summon Mana Viper        Hex/Summ       0%         N/A       100%        5
 Summon Cactus Giant      Summ           0%         N/A       100%        6

Inventory:

Hand Weapons
 a - a +0 war axe (weapon) {axe}
Missiles
 i - 3 poisoned darts (quivered) {throwing}
Armour
 e - a +0 leather armour (worn)
Wands
 c - a wand of polymorph (4)
Scrolls
 b - a scroll of enchant armour {unknown}
 d - 2 scrolls of fog
 k - a scroll of poison {unknown}
 l - 4 scrolls of identify {unknown}
Potions
 f - a potion of enlightenment {unknown}
 g - a potion of haste {unknown}
 h - a potion of attraction {unknown}
 j - a potion of heal wounds {@q2}
 m - a potion of curing {unknown}
 n - a potion of mutation {unknown}

Dungeon Overview and Level Annotations

Branches:
Dungeon (3/15) Zot: 15505

Altars:
Qazlal

... .... { ...# ...
#.### #...# ###.#
######################..
.....oo@.........)......
##################.#####
#.# # #.# ## #.# ≈≈ #.#
#≈ #.# ## #.. .. ##


You could see an orc priest and an orc.


Message History

You barely miss the kobold.
The kobold hits you with a +0 dagger. x2 😕 HP[-5]
You take 5 damage, and now have 27/32 hp.
You closely miss the kobold.
The kobold hits you with a +0 dagger. 😕 HP[-1]
You take 1 damage, and now have 26/32 hp.
You slash the kobold!
You kill the kobold! 😕 HP[+1] No target in view!
Things that are here:
a +0 dagger {short}; 2 stones {throwing}; a +0 dagger {short} You now have 75 gold pieces (gained 9).
An orc comes into view. It is wielding a +0 club.
The orc shouts!
You hear a shout! x2
An orc wizard comes into view. It is wielding a +0 dagger. 😎 HP[+5]
Your hp is fully restored (32).
There are monsters nearby!
The orc throws a boomerang.
The boomerang hits you but does no damage.
An orc comes into view. It is wielding a +3 hand axe.
The orc throws a boomerang.
The boomerang misses you.
An orc priest comes into view.
It is wielding a +2 hand axe of electrocution.
The orc shouts!
The orc throws a boomerang.
The boomerang hits you.
An orc comes into view. It is wielding a +0 flail. 😕 HP[-3]
You take 3 damage, and now have 29/32 hp.
You hit the orc.
The orc hits you with a +0 club. 😕 HP[-1]
You take 1 damage, and now have 28/32 hp.
You hit the orc. The orc hits you but does no damage.
You closely miss the orc. The orc closely misses you.
You barely miss the orc wizard.
The orc wizard hits you with a +0 dagger. 😕 HP[-1]
You take 1 damage, and now have 27/32 hp.
You closely miss the orc wizard. The orc wizard completely misses you.
You slash the orc wizard! The orc wizard misses you.
You closely miss the orc wizard. The orc wizard barely misses you.
The orc priest mumbles some strange prayers to Beogh against you.
Beogh smites you! 😮 HP[-9]
You take 9 damage, and now have 18/32 hp.
MASSIVE DAMAGE!! (PAUSE)
You barely miss the orc wizard. The orc wizard casts a spell at you.
You resist with some effort.
The orc wizard hits you with a +0 dagger.
* * * LOW HITPOINT WARNING * * *
😨 HP[-2]
You take 2 damage, and now have 16/32 hp.
You hit the orc wizard. The orc wizard closely misses you.
You hit the orc wizard.
You kill the orc wizard!
Your Axes skill increases to level 6!
You have reached level 5! 😮 HP[+3] MP[+1]
You now have 37 max hp (+5).
You regained 3 hp, and now have 19/37 hp.
Your mp is fully restored (5).
You barely miss the orc. The orc hits you with a +3 hand axe!
* * * LOW HITPOINT WARNING * * *
😨 HP[-6]
You take 6 damage, and now have 13/37 hp.
You slash the orc!
You kill the orc!
The orc priest calls down the wrath of Beogh upon you.
Beogh smites you!
* * * LOW HITPOINT WARNING * * *
The orc throws a boomerang.
The boomerang hits you but does no damage. 😱 HP[-12]
You take 12 damage, and now have 1/37 hp.
MASSIVE DAMAGE!! (PAUSE) It was a potion of heal wounds.
You feel much better.
The orc priest calls upon Beogh to heal the orc.
The orc's wounds heal themselves! 😮 HP[+20]
You regained 20 hp, and now have 21/37 hp.
You hit the orc but do no damage. The orc closely misses you.
The orc hits you with a +0 club.
* * * LOW HITPOINT WARNING * * *
😨 HP[-3]
You take 3 damage, and now have 18/37 hp.
You barely miss the orc. The orc barely misses you. 😮 HP[+1]
You slash the orc!
You kill the orc!
You barely miss the orc priest.
The orc priest looks encouraged for a moment.
You hit the orc priest but do no damage.
The orc priest barely misses you. 😮 HP[+1]
You hit the orc priest but do no damage.
The orc priest hits you with a +2 hand axe of electrocution.
* * * LOW HITPOINT WARNING * * *
You are electrocuted!
You die...

Skill      XL: |  1  2  3  4 |
---------------+-------------+-----
Axes           | 5 6 |  6.1
Fighting       | |  1.1
Long Blades    | |  2.0
Armour         | |  1.1
Dodging        | |  1.0
Evocations     | |  1.1

Action                     |  1- 3 |  4- 6 || total
---------------------------+-------+-------++-------
  Melee: War axe           |    87 |    79 ||   166
  Throw: Dart              |       |     2 ||     2
    Use: Potion            |       |     1 ||     1
 Armour: Leather armour    |    56 |    54 ||   110
  Dodge: Dodged            |    57 |    38 ||    95

Levels and vault maps discovered:
D:1:      eino_arrival_cavern_d, layout_basic
D:2:      layout_loops_ring, basic_altar, minmay_misc_feat_five,
          dreamdust_princess_corridor, kennysheep_generic_room_11, uniq_robin
D:3:      layout_basic, mainiacjoe_overflow_small_starburst,
          mainiacjoe_overflow_six_doors_small, mainiacjoe_overflow_catwalk,
          kennysheep_slug_shrine, nicolae_overflow_hidden_temple,
          chequers_serial_rivers_small_3

Notes
Turn   | Place    | Note
-------+----------+-------------------------------------------
     0 | D:1      | MackTheKnife the Formicid Wanderer began the quest for the
                  | Orb.
     0 | D:1      | MackTheKnife set off with the following items: a +0 war axe
                  | {axe}, a +0 falchion {long}, a wand of polymorph (4), a
                  | scroll of fog, a +0 leather armour.
     0 | D:1      | Reached XP level 1. HP: 15/15 MP: 1/1
     0 | D:1      | magus.rc [v1.9.6]
   161 | D:1      | You pick up a book of the Wilderness and begin reading...
   161 | D:1      | You add the spells Summon Forest, Summon Mana Viper and
                  | Summon Cactus Giant to your library.
   180 | D:1      | Reached XP level 2. HP: 11/21 MP: 2/2
  1143 | D:1      | Reached XP level 3. HP: 26/26 MP: 3/3
  1356 | D:2      | Reached skill level 5 in Axes
  1524 | D:2      | Reached XP level 4. HP: 28/32 MP: 4/4
  1857 | D:2      | Noticed Robin
  1864 | D:2      | Killed Robin
  1953 | D:2      | Found a stormy altar of Qazlal.
  2445 | D:3      | Reached skill level 6 in Axes
  2445 | D:3      | Reached XP level 5. HP: 19/37 MP: 5/5
  2446 | D:3      | HP: 1/37 [orc priest/divine providence (12)]
  2453 | D:3      | Slain by an orc priest

Vanquished Creatures
  An orc wizard (D:3)
  Robin (D:2)
  An adder (D:2)
  2 orcs (D:3)
  An endoplasm (D:1)
  18 goblins
  5 hobgoblins
  2 jackals (D:3)
  6 kobolds
  A quokka (D:1)
  8 ball pythons
  5 bats
  5 frilled lizards
  6 rats
62 creatures vanquished.

Table legend:
 A = Non-vault XP
 B = Vault XP
 C = Vault XP percentage of total XP
 D = Non-vault monster count
 E = Vault monster count
 F = Vault count percentage of total count
                 A         B        C        D         E       F
            +---------+---------+-------+---------+---------+-------
      Total |     119 |      40 |  25.2 |      48 |      14 |  22.6
            +---------+---------+-------+---------+---------+-------
        D:1 |      31 |       0 |   0.0 |      21 |       0 |   0.0
        D:2 |      38 |      40 |  51.3 |      19 |      14 |  42.4
        D:3 |      50 |       0 |   0.0 |       8 |       0 |   0.0
            +---------+---------+-------+---------+---------+-------

Skill      XL: |  1  2  3  4 |
---------------+-------------+-----
Axes           | 5 6 |  6.1
Fighting       | |  1.1
Long Blades    | |  2.0
Armour         | |  1.1
Dodging        | |  1.0
Evocations     | |  1.1

Action                     |  1- 3 |  4- 6 || total
---------------------------+-------+-------++-------
  Melee: War axe           |    87 |    79 ||   166
  Throw: Dart              |       |     2 ||     2
    Use: Potion            |       |     1 ||     1
 Armour: Leather armour    |    56 |    54 ||   110
  Dodge: Dodged            |    57 |    38 ||    95

Illustrated notes

Table legend:
 A = Kills in this place as a percentage of kills in the entire game.
 B = Kills by you in this place as a percentage of kills by you in the entire game.
 C = Kills by friends in this place as a percentage of kills by friends in the entire game.
 D = Other kills in this place as a percentage of other kills in the entire game.
 E = Experience gained in this place as a percentage of experience gained in the entire game.
 F = Experience gained in this place divided by the number of levels of this place that you have seen.
                   A       B       C       D       E      F
               +-------+-------+-------+-------+-------+----------------------
         Total | 100.0 | 100.0 |   N/A |   N/A | 100.0 |  53.0
       Dungeon | 100.0 | 100.0 |   N/A |   N/A | 100.0 |  53.0
               +-------+-------+-------+-------+-------+----------------------

Table legend: (Time is in decaauts)
 A = Elapsed time spent in this place.
 B = Non-inter-level travel time spent in this place.
 C = Inter-level travel time spent in this place.
 D = Time resting spent in this place.
 E = Time spent auto-exploring this place.
 F = Levels seen in this place.
 G = Mean time per level.
                   A        B        C        D        E       F      G
               +--------+--------+--------+--------+--------+-----+--------+
         Total |   2493 |   2383 |    110 |    173 |   1770 |   3 |  831.0 |
       Dungeon |   2493 |   2383 |    110 |    173 |   1770 |   3 |  831.0 |
               +--------+--------+--------+--------+--------+-----+--------+

Top non-repeatable levels by time:
     D:1: 1284 daAuts
     D:2: 944 daAuts
     D:3: 264 daAuts
